[ PARTIDA AOE2 · #476418537 ]
UnrankedJemeres vs Berbers
[ ANÁLISIS DE REPETICIÓN · EXTRAÍDO DE LA PARTIDA GRABADA ]
Feudal
—
Castillos
—
Imperial
—
| APM promedio | 44.0 |
| APM pico | 100 |
| eAPM promedio | 20.9 |
| Aldeanos / militares | 0 / 296 |
Foco
⚔️ 98.9% · 🌾 1.1%
Ballista Elephant ×296
Feudal
—
Castillos
—
Imperial
—
| APM promedio | 50.2 |
| APM pico | 141 |
| eAPM promedio | 20.7 |
| Aldeanos / militares | 10 / 218 |
Foco
⚔️ 92.5% · 🌾 7.5%
Ratha (Ranged) ×208 · Mangonel ×10
Feudal
—
Castillos
—
Imperial
—
| APM promedio | 48.3 |
| APM pico | 113 |
| eAPM promedio | 29.3 |
| Aldeanos / militares | 0 / 597 |
Foco
⚔️ 96.6% · 🌾 3.4%
Chakram Thrower ×597
Feudal
—
Castillos
—
Imperial
—
| APM promedio | 49.4 |
| APM pico | 112 |
| eAPM promedio | 16.1 |
| Aldeanos / militares | 0 / 370 |
Foco
⚔️ 99.6% · 🌾 0.4%
Camel Archer ×370
Feudal
—
Castillos
—
Imperial
—
| APM promedio | 39.1 |
| APM pico | 65 |
| eAPM promedio | 16.6 |
| Aldeanos / militares | 0 / 261 |
Foco
⚔️ 97.4% · 🌾 2.6%
Konnik ×261
Feudal
—
Castillos
—
Imperial
—
| APM promedio | 50.1 |
| APM pico | 111 |
| eAPM promedio | 38.0 |
| Aldeanos / militares | 0 / 798 |
Foco
⚔️ 98.8% · 🌾 1.2%
Shotel Warrior ×798
Feudal
—
Castillos
—
Imperial
—
| APM promedio | 27.2 |
| APM pico | 80 |
| eAPM promedio | 14.1 |
| Aldeanos / militares | 0 / 739 |
Foco
⚔️ 97.8% · 🌾 2.2%
Teutonic Knight ×739
Feudal
—
Castillos
—
Imperial
—
| APM promedio | 54.9 |
| APM pico | 98 |
| eAPM promedio | 33.6 |
| Aldeanos / militares | 12 / 0 |
Foco
⚔️ 97.7% · 🌾 2.3%
Unknown (1949) ×677 · Unknown (1954) ×1
Mapa de la partida
Recursos iniciales + cada clic de construcción. Líneas = muros · curvas = relieve. ◆ oro · ⬟ piedra · ● bayas · ✦ reliquia · ◌ hueco del cierre
Tu base· Abierta — flanco sin cerrar
Base de Dr. NightBlue· Abierta — flanco sin cerrar
Base de Enzo· Abierta — flanco sin cerrar
Base de AfflictedGod· Abierta — flanco sin cerrar
Base de dzoefz· Abierta — flanco sin cerrar
Base de pandatu7579· Abierta — flanco sin cerrar
Base de 魯夫的海運船快樂出航· Abierta — flanco sin cerrar
Base de LeAsH__· Abierta — flanco sin cerrar
Terreno inicial suavizado · ◌ = hueco del cierre detectado · pasá el cursor para detalles
Inputs por minuto
— Hzk - - Dr. NightBlue
Build order — Hzk
82 acciones detectadas en el replay
| 0:16 | Investigar | Tusk Swords |
| 0:17 | Crear | Ballista Elephant ×5 |
| 0:17 | Crear | Ballista Elephant ×5 |
| 0:18 | Crear | Ballista Elephant ×5 |
| 0:18 | Crear | Ballista Elephant ×5 |
| 0:18 | Crear | Ballista Elephant ×5 |
| 0:18 | Crear | Ballista Elephant ×5 |
| 0:19 | Crear | Ballista Elephant ×5 |
| 0:19 | Crear | Ballista Elephant ×5 |
| 0:19 | Crear | Ballista Elephant ×5 |
| 0:19 | Crear | Ballista Elephant ×5 |
| 0:20 | Crear | Ballista Elephant ×5 |
| 0:20 | Crear | Ballista Elephant ×5 |
| 0:20 | Crear | Ballista Elephant ×5 |
| 0:28 | Investigar | Iron Casting |
| 0:28 | Investigar | Bodkin Arrow |
| 0:29 | Investigar | Leather Archer Armor |
| 0:30 | Investigar | Chain Mail Armor |
| 0:31 | Investigar | Chain Barding Armor |
| 0:31 | Investigar | Ballistics |
| 0:44 | Crear | Ballista Elephant ×3 |
| 0:44 | Crear | Ballista Elephant ×3 |
| 0:44 | Crear | Ballista Elephant ×3 |
| 0:45 | Crear | Ballista Elephant ×3 |
| 3:39 | Crear | Ballista Elephant ×5 |
| 3:39 | Crear | Ballista Elephant ×5 |
| 3:40 | Crear | Ballista Elephant ×5 |
| 3:40 | Crear | Ballista Elephant ×5 |
| 3:40 | Crear | Ballista Elephant ×5 |
| 3:40 | Crear | Ballista Elephant ×5 |
| 3:41 | Crear | Ballista Elephant ×5 |
| 3:41 | Crear | Ballista Elephant ×2 |
| 9:00 | Crear | Ballista Elephant ×5 |
| 9:00 | Crear | Ballista Elephant ×5 |
| 9:01 | Crear | Ballista Elephant ×5 |
| 9:01 | Crear | Ballista Elephant ×5 |
| 9:01 | Crear | Ballista Elephant ×5 |
| 9:02 | Crear | Ballista Elephant ×5 |
| 9:02 | Crear | Ballista Elephant ×5 |
| 9:02 | Crear | Ballista Elephant ×5 |
| 9:02 | Crear | Ballista Elephant ×5 |
| 9:03 | Crear | Ballista Elephant ×5 |
| 9:03 | Crear | Ballista Elephant |
| 10:53 | Investigar | Elite Ballista Elephant (upgrade) |
| 10:54 | Investigar | Conscription |
| 10:57 | Investigar | Blast Furnace |
| 10:58 | Investigar | Bracer |
| 10:58 | Investigar | Ring Archer Armor |
| 10:59 | Investigar | Plate Barding Armor |
| 11:01 | Investigar | Parthian Tactics |
| 11:02 | Investigar | Chemistry |
| 11:04 | Crear | Ballista Elephant ×5 |
| 11:05 | Crear | Ballista Elephant ×5 |
| 11:05 | Crear | Ballista Elephant ×5 |
| 16:27 | Crear | Ballista Elephant ×5 |
| 16:27 | Crear | Ballista Elephant ×5 |
| 16:27 | Crear | Ballista Elephant ×5 |
| 16:27 | Crear | Ballista Elephant ×5 |
| 16:27 | Crear | Ballista Elephant ×5 |
| 16:28 | Crear | Ballista Elephant |
| 18:46 | Crear | Ballista Elephant ×5 |
| 18:47 | Crear | Ballista Elephant ×5 |
| 18:47 | Crear | Ballista Elephant ×5 |
| 18:47 | Crear | Ballista Elephant ×5 |
| 18:47 | Crear | Ballista Elephant ×5 |
| 18:48 | Crear | Ballista Elephant ×4 |
| 19:11 | Crear | Ballista Elephant ×4 |
| 19:12 | Crear | Ballista Elephant ×4 |
| 19:12 | Crear | Ballista Elephant ×4 |
| 19:12 | Crear | Ballista Elephant |
| 21:30 | Crear | Ballista Elephant ×5 |
| 21:31 | Crear | Ballista Elephant ×5 |
| 21:31 | Crear | Ballista Elephant ×5 |
| 21:31 | Crear | Ballista Elephant ×5 |
| 21:31 | Crear | Ballista Elephant ×5 |
| 21:32 | Crear | Ballista Elephant ×5 |
| 21:32 | Crear | Ballista Elephant |
| 21:33 | Crear | Ballista Elephant |
| 21:33 | Crear | Ballista Elephant |
| 22:42 | Crear | Ballista Elephant ×5 |
| 22:43 | Crear | Ballista Elephant ×5 |
| 22:43 | Crear | Ballista Elephant ×5 |
Build order — Dr. NightBlue
74 acciones detectadas en el replay
| 0:14 | Investigar | Paiks |
| 0:14 | Crear | Ratha (Ranged) ×5 |
| 0:15 | Crear | Ratha (Ranged) ×5 |
| 0:15 | Crear | Ratha (Ranged) ×5 |
| 0:23 | Crear | Ratha (Ranged) ×5 |
| 0:23 | Crear | Ratha (Ranged) ×5 |
| 0:23 | Crear | Ratha (Ranged) ×5 |
| 0:24 | Crear | Ratha (Ranged) ×5 |
| 0:24 | Crear | Ratha (Ranged) ×5 |
| 0:24 | Crear | Ratha (Ranged) ×5 |
| 0:31 | Investigar | Iron Casting |
| 0:32 | Investigar | Chain Barding Armor |
| 0:33 | Investigar | Bodkin Arrow |
| 0:33 | Investigar | Leather Archer Armor |
| 0:34 | Investigar | Ballistics |
| 0:35 | Investigar | Chain Mail Armor |
| 0:37 | Crear | Ratha (Ranged) ×5 |
| 0:37 | Crear | Ratha (Ranged) ×5 |
| 0:37 | Crear | Ratha (Ranged) ×5 |
| 0:41 | Crear | Ratha (Ranged) ×2 |
| 1:28 | Crear | Ratha (Ranged) ×5 |
| 1:29 | Crear | Ratha (Ranged) ×3 |
| 1:29 | Crear | Ratha (Ranged) ×3 |
| 1:38 | Crear | Ratha (Ranged) ×3 |
| 2:02 | Crear | Ratha (Ranged) ×5 |
| 2:26 | Crear | Ratha (Ranged) ×4 |
| 2:50 | Crear | Ratha (Ranged) ×4 |
| 2:51 | Crear | Ratha (Ranged) ×4 |
| 2:56 | Crear | Ratha (Ranged) ×3 |
| 3:07 | Crear | Ratha (Ranged) |
| 3:07 | Crear | Ratha (Ranged) |
| 4:16 | Crear | Ratha (Ranged) ×5 |
| 4:16 | Crear | Ratha (Ranged) ×5 |
| 4:49 | Crear | Ratha (Ranged) ×5 |
| 4:49 | Crear | Ratha (Ranged) ×5 |
| 8:23 | Crear | Ratha (Ranged) ×5 |
| 8:58 | Crear | Ratha (Ranged) ×5 |
| 9:40 | Crear | Ratha (Ranged) ×5 |
| 9:40 | Crear | Ratha (Ranged) ×5 |
| 9:41 | Crear | Ratha (Ranged) ×5 |
| 9:41 | Crear | Ratha (Ranged) ×5 |
| 11:50 | Crear | Ratha (Ranged) ×5 |
| 11:50 | Crear | Ratha (Ranged) ×5 |
| 11:51 | Crear | Ratha (Ranged) ×5 |
| 11:51 | Crear | Ratha (Ranged) ×5 |
| 11:51 | Crear | Ratha (Ranged) ×5 |
| 11:52 | Crear | Ratha (Ranged) ×5 |
| 11:52 | Crear | Ratha (Ranged) ×5 |
| 11:52 | Crear | Ratha (Ranged) ×5 |
| 15:31 | Crear | Ratha (Ranged) ×5 |
| 15:31 | Crear | Ratha (Ranged) ×5 |
| 15:32 | Crear | Ratha (Ranged) ×5 |
| 15:32 | Crear | Ratha (Ranged) ×5 |
| 16:31 | Investigar | Elite Ratha (upgrade) |
| 16:32 | Investigar | Conscription |
| 16:32 | Investigar | Conscription |
| 16:32 | Investigar | Mahayana |
| 16:34 | Investigar | Blast Furnace |
| 16:35 | Investigar | Bracer |
| 16:36 | Investigar | Chemistry |
| 16:37 | Investigar | Ring Archer Armor |
| 16:38 | Investigar | Plate Barding Armor |
| 22:01 | Construir | Castle |
| 22:03 | Construir | Castle |
| 22:09 | Construir | Siege Workshop |
| 22:11 | Construir | Siege Workshop |
| 22:15 | Crear | Villager (Male) ×5 |
| 22:16 | Crear | Villager (Male) ×5 |
| 24:04 | Crear | Mangonel ×5 |
| 24:05 | Crear | Mangonel ×5 |
| 24:09 | Construir | Castle |
| 24:16 | Construir | Castle |
| 24:49 | Construir | Siege Workshop |
| 24:50 | Construir | Siege Workshop |
Build order — Enzo
Primeras 150 de 157 acciones detectadas
| 0:01 | Crear | Chakram Thrower ×5 |
| 0:02 | Crear | Chakram Thrower ×5 |
| 0:02 | Crear | Chakram Thrower ×5 |
| 0:03 | Crear | Chakram Thrower ×5 |
| 0:03 | Crear | Chakram Thrower ×5 |
| 0:09 | Crear | Chakram Thrower ×5 |
| 0:10 | Crear | Chakram Thrower ×5 |
| 0:10 | Crear | Chakram Thrower ×5 |
| 0:10 | Crear | Chakram Thrower ×5 |
| 0:11 | Crear | Chakram Thrower ×5 |
| 0:11 | Crear | Chakram Thrower ×5 |
| 0:12 | Investigar | Chain Barding Armor |
| 0:14 | Investigar | Chain Mail Armor |
| 0:14 | Investigar | Iron Casting |
| 0:15 | Investigar | Bodkin Arrow |
| 0:15 | Investigar | Thumb Ring |
| 0:16 | Investigar | Ballistics |
| 0:16 | Investigar | Leather Archer Armor |
| 0:16 | Investigar | Leather Archer Armor |
| 0:34 | Crear | Chakram Thrower ×5 |
| 0:34 | Crear | Chakram Thrower ×5 |
| 0:35 | Crear | Chakram Thrower ×5 |
| 0:35 | Crear | Chakram Thrower ×3 |
| 0:55 | Crear | Chakram Thrower ×4 |
| 0:55 | Crear | Chakram Thrower ×4 |
| 1:04 | Crear | Chakram Thrower ×4 |
| 1:05 | Crear | Chakram Thrower ×4 |
| 1:32 | Crear | Chakram Thrower ×5 |
| 1:33 | Crear | Chakram Thrower ×5 |
| 1:33 | Crear | Chakram Thrower ×3 |
| 2:22 | Crear | Chakram Thrower ×5 |
| 2:23 | Crear | Chakram Thrower ×5 |
| 2:23 | Crear | Chakram Thrower ×5 |
| 2:23 | Crear | Chakram Thrower ×2 |
| 2:46 | Crear | Chakram Thrower ×4 |
| 2:47 | Crear | Chakram Thrower ×4 |
| 2:47 | Crear | Chakram Thrower ×4 |
| 3:57 | Crear | Chakram Thrower ×5 |
| 3:58 | Crear | Chakram Thrower ×5 |
| 3:58 | Crear | Chakram Thrower ×5 |
| 3:58 | Crear | Chakram Thrower ×5 |
| 3:59 | Crear | Chakram Thrower |
| 4:28 | Crear | Chakram Thrower ×5 |
| 4:29 | Crear | Chakram Thrower ×5 |
| 4:29 | Crear | Chakram Thrower ×3 |
| 4:49 | Crear | Chakram Thrower ×5 |
| 4:49 | Crear | Chakram Thrower ×5 |
| 5:16 | Crear | Chakram Thrower ×4 |
| 5:17 | Crear | Chakram Thrower ×4 |
| 7:01 | Crear | Chakram Thrower ×5 |
| 7:01 | Crear | Chakram Thrower ×5 |
| 7:01 | Crear | Chakram Thrower ×5 |
| 7:02 | Crear | Chakram Thrower ×5 |
| 7:02 | Crear | Chakram Thrower ×5 |
| 7:28 | Crear | Chakram Thrower |
| 7:29 | Crear | Chakram Thrower |
| 7:44 | Crear | Chakram Thrower ×4 |
| 7:44 | Crear | Chakram Thrower ×4 |
| 8:38 | Crear | Chakram Thrower ×5 |
| 8:38 | Crear | Chakram Thrower ×5 |
| 8:38 | Crear | Chakram Thrower ×5 |
| 8:39 | Crear | Chakram Thrower ×2 |
| 8:53 | Crear | Chakram Thrower ×4 |
| 8:54 | Crear | Chakram Thrower ×4 |
| 9:08 | Crear | Chakram Thrower ×2 |
| 9:08 | Crear | Chakram Thrower ×2 |
| 9:27 | Crear | Chakram Thrower ×4 |
| 9:27 | Crear | Chakram Thrower ×4 |
| 10:44 | Crear | Chakram Thrower ×5 |
| 10:45 | Crear | Chakram Thrower ×5 |
| 10:45 | Crear | Chakram Thrower ×5 |
| 10:45 | Crear | Chakram Thrower ×5 |
| 10:46 | Crear | Chakram Thrower ×5 |
| 12:36 | Investigar | Elite Chakram Thrower (upgrade) |
| 12:36 | Investigar | Conscription |
| 12:37 | Investigar | Conscription |
| 12:41 | Investigar | Frontier Guards |
| 12:43 | Investigar | Plate Barding Armor |
| 12:43 | Investigar | Plate Mail Armor |
| 12:43 | Investigar | Bracer |
| 12:44 | Investigar | Chemistry |
| 13:14 | Crear | Chakram Thrower ×5 |
| 13:14 | Crear | Chakram Thrower ×5 |
| 13:15 | Crear | Chakram Thrower ×5 |
| 13:15 | Crear | Chakram Thrower ×5 |
| 13:15 | Crear | Chakram Thrower ×5 |
| 13:16 | Crear | Chakram Thrower ×5 |
| 13:16 | Crear | Chakram Thrower ×5 |
| 13:16 | Crear | Chakram Thrower ×5 |
| 13:17 | Crear | Chakram Thrower ×5 |
| 13:17 | Crear | Chakram Thrower ×5 |
| 13:18 | Crear | Chakram Thrower |
| 13:49 | Crear | Chakram Thrower ×5 |
| 13:49 | Crear | Chakram Thrower ×5 |
| 13:49 | Crear | Chakram Thrower |
| 14:19 | Crear | Chakram Thrower ×5 |
| 14:19 | Crear | Chakram Thrower ×5 |
| 14:19 | Crear | Chakram Thrower |
| 17:16 | Crear | Chakram Thrower ×5 |
| 17:16 | Crear | Chakram Thrower ×5 |
| 17:17 | Crear | Chakram Thrower ×5 |
| 17:17 | Crear | Chakram Thrower ×5 |
| 17:17 | Crear | Chakram Thrower ×5 |
| 17:18 | Crear | Chakram Thrower ×2 |
| 18:30 | Crear | Chakram Thrower ×5 |
| 18:31 | Crear | Chakram Thrower ×5 |
| 18:31 | Crear | Chakram Thrower ×5 |
| 18:32 | Crear | Chakram Thrower |
| 20:09 | Crear | Chakram Thrower ×5 |
| 20:09 | Crear | Chakram Thrower ×5 |
| 20:09 | Crear | Chakram Thrower ×5 |
| 20:10 | Crear | Chakram Thrower ×5 |
| 20:10 | Crear | Chakram Thrower ×5 |
| 20:11 | Crear | Chakram Thrower ×5 |
| 20:11 | Crear | Chakram Thrower ×5 |
| 20:11 | Crear | Chakram Thrower ×5 |
| 20:12 | Crear | Chakram Thrower |
| 20:57 | Crear | Chakram Thrower ×5 |
| 20:57 | Crear | Chakram Thrower ×5 |
| 20:57 | Crear | Chakram Thrower ×5 |
| 20:58 | Crear | Chakram Thrower ×5 |
| 20:58 | Crear | Chakram Thrower |
| 21:11 | Crear | Chakram Thrower ×4 |
| 21:11 | Crear | Chakram Thrower ×4 |
| 22:02 | Crear | Chakram Thrower ×5 |
| 22:02 | Crear | Chakram Thrower ×5 |
| 22:03 | Crear | Chakram Thrower ×5 |
| 22:03 | Crear | Chakram Thrower ×5 |
| 22:03 | Crear | Chakram Thrower ×5 |
| 22:55 | Crear | Chakram Thrower ×5 |
| 22:56 | Crear | Chakram Thrower ×5 |
| 22:56 | Crear | Chakram Thrower ×5 |
| 22:57 | Crear | Chakram Thrower ×5 |
| 22:57 | Crear | Chakram Thrower ×2 |
| 23:15 | Crear | Chakram Thrower ×5 |
| 23:15 | Crear | Chakram Thrower ×5 |
| 23:16 | Crear | Chakram Thrower |
| 24:14 | Crear | Chakram Thrower ×5 |
| 24:14 | Crear | Chakram Thrower ×5 |
| 24:15 | Crear | Chakram Thrower ×5 |
| 24:15 | Crear | Chakram Thrower ×5 |
| 24:15 | Crear | Chakram Thrower ×5 |
| 24:16 | Crear | Chakram Thrower ×5 |
| 24:16 | Crear | Chakram Thrower ×5 |
| 24:17 | Crear | Chakram Thrower ×5 |
| 24:17 | Crear | Chakram Thrower ×2 |
| 24:25 | Crear | Chakram Thrower ×2 |
| 24:26 | Crear | Chakram Thrower |
| 24:26 | Crear | Chakram Thrower ×2 |
| 24:27 | Crear | Chakram Thrower |
Build order — AfflictedGod
104 acciones detectadas en el replay
| 0:10 | Investigar | Kasbah |
| 0:10 | Crear | Camel Archer ×5 |
| 0:11 | Crear | Camel Archer ×5 |
| 0:11 | Crear | Camel Archer ×5 |
| 0:11 | Crear | Camel Archer ×5 |
| 0:12 | Crear | Camel Archer ×5 |
| 0:12 | Crear | Camel Archer ×5 |
| 0:12 | Crear | Camel Archer ×5 |
| 0:12 | Crear | Camel Archer ×5 |
| 0:13 | Crear | Camel Archer ×5 |
| 0:13 | Crear | Camel Archer ×5 |
| 0:13 | Crear | Camel Archer ×5 |
| 0:14 | Crear | Camel Archer ×5 |
| 0:14 | Crear | Camel Archer ×5 |
| 0:14 | Crear | Camel Archer ×4 |
| 0:17 | Investigar | Bodkin Arrow |
| 0:17 | Investigar | Thumb Ring |
| 0:19 | Investigar | Ballistics |
| 0:22 | Investigar | Chain Barding Armor |
| 0:22 | Investigar | Iron Casting |
| 0:22 | Investigar | Chain Mail Armor |
| 0:23 | Investigar | Leather Archer Armor |
| 2:44 | Crear | Camel Archer ×5 |
| 2:44 | Crear | Camel Archer ×5 |
| 2:45 | Crear | Camel Archer ×5 |
| 2:45 | Crear | Camel Archer ×5 |
| 2:45 | Crear | Camel Archer ×5 |
| 2:45 | Crear | Camel Archer ×5 |
| 2:46 | Crear | Camel Archer ×2 |
| 2:50 | Crear | Camel Archer |
| 6:14 | Crear | Camel Archer ×5 |
| 6:15 | Crear | Camel Archer ×5 |
| 6:15 | Crear | Camel Archer ×5 |
| 6:15 | Crear | Camel Archer ×5 |
| 7:56 | Crear | Camel Archer ×5 |
| 7:57 | Crear | Camel Archer ×5 |
| 7:57 | Crear | Camel Archer ×5 |
| 7:57 | Crear | Camel Archer ×5 |
| 11:28 | Crear | Camel Archer ×5 |
| 11:28 | Crear | Camel Archer ×5 |
| 11:28 | Crear | Camel Archer ×5 |
| 11:29 | Crear | Camel Archer ×5 |
| 11:29 | Crear | Camel Archer ×5 |
| 11:29 | Crear | Camel Archer ×5 |
| 11:30 | Crear | Camel Archer ×5 |
| 11:30 | Crear | Camel Archer ×5 |
| 11:30 | Crear | Camel Archer ×5 |
| 11:30 | Crear | Camel Archer ×5 |
| 11:31 | Crear | Camel Archer ×5 |
| 11:31 | Crear | Camel Archer ×5 |
| 11:31 | Crear | Camel Archer ×5 |
| 12:13 | Investigar | Elite Camel Archer (upgrade) |
| 12:19 | Investigar | Conscription |
| 12:20 | Investigar | Maghrebi Camels |
| 12:22 | Investigar | Bracer |
| 12:24 | Investigar | Chemistry |
| 12:25 | Investigar | Plate Mail Armor |
| 12:25 | Investigar | Blast Furnace |
| 12:26 | Investigar | Ring Archer Armor |
| 13:33 | Crear | Camel Archer ×5 |
| 13:33 | Crear | Camel Archer ×5 |
| 13:34 | Crear | Camel Archer ×5 |
| 13:34 | Crear | Camel Archer ×5 |
| 13:34 | Crear | Camel Archer ×5 |
| 13:34 | Crear | Camel Archer ×5 |
| 13:35 | Crear | Camel Archer ×5 |
| 13:35 | Crear | Camel Archer ×5 |
| 13:35 | Crear | Camel Archer ×5 |
| 13:36 | Crear | Camel Archer ×2 |
| 13:36 | Crear | Camel Archer ×2 |
| 13:38 | Crear | Camel Archer ×2 |
| 14:04 | Crear | Camel Archer ×5 |
| 14:04 | Crear | Camel Archer ×5 |
| 14:05 | Crear | Camel Archer |
| 15:09 | Crear | Camel Archer ×5 |
| 15:09 | Crear | Camel Archer ×5 |
| 15:10 | Crear | Camel Archer ×5 |
| 15:10 | Crear | Camel Archer ×5 |
| 15:10 | Crear | Camel Archer ×3 |
| 15:22 | Crear | Camel Archer ×2 |
| 15:23 | Crear | Camel Archer ×2 |
| 15:24 | Crear | Camel Archer ×2 |
| 15:24 | Crear | Camel Archer ×2 |
| 15:24 | Crear | Camel Archer ×2 |
| 16:02 | Crear | Camel Archer ×5 |
| 16:02 | Crear | Camel Archer ×5 |
| 16:02 | Crear | Camel Archer |
| 16:04 | Crear | Camel Archer |
| 16:04 | Crear | Camel Archer |
| 16:09 | Crear | Camel Archer ×2 |
| 16:09 | Crear | Camel Archer ×2 |
| 16:31 | Investigar | Plate Barding Armor |
| 18:30 | Crear | Camel Archer ×5 |
| 18:31 | Crear | Camel Archer ×5 |
| 18:31 | Crear | Camel Archer ×5 |
| 18:31 | Crear | Camel Archer ×5 |
| 18:32 | Crear | Camel Archer ×3 |
| 18:40 | Crear | Camel Archer ×2 |
| 18:40 | Crear | Camel Archer ×2 |
| 20:31 | Crear | Camel Archer ×5 |
| 20:32 | Crear | Camel Archer ×5 |
| 20:32 | Crear | Camel Archer ×5 |
| 20:32 | Crear | Camel Archer ×5 |
| 20:32 | Crear | Camel Archer ×4 |
Build order — dzoefz
71 acciones detectadas en el replay
| 0:29 | Investigar | Stirrups |
| 0:30 | Crear | Konnik ×5 |
| 0:30 | Crear | Konnik ×5 |
| 0:30 | Crear | Konnik ×5 |
| 0:30 | Crear | Konnik ×5 |
| 0:31 | Crear | Konnik ×5 |
| 0:31 | Crear | Konnik ×5 |
| 0:31 | Crear | Konnik ×5 |
| 0:32 | Crear | Konnik ×5 |
| 0:32 | Crear | Konnik ×5 |
| 0:32 | Crear | Konnik ×5 |
| 0:33 | Crear | Konnik ×5 |
| 0:33 | Crear | Konnik ×5 |
| 0:33 | Crear | Konnik ×5 |
| 0:33 | Crear | Konnik ×4 |
| 0:38 | Investigar | Iron Casting |
| 0:39 | Investigar | Chain Mail Armor |
| 0:47 | Investigar | Chain Barding Armor |
| 0:49 | Investigar | Bodkin Arrow |
| 0:50 | Investigar | Leather Archer Armor |
| 0:51 | Investigar | Thumb Ring |
| 0:53 | Investigar | Ballistics |
| 0:53 | Investigar | Chain Mail Armor |
| 2:26 | Crear | Konnik ×5 |
| 2:26 | Crear | Konnik ×5 |
| 2:26 | Crear | Konnik ×5 |
| 2:27 | Crear | Konnik ×5 |
| 2:27 | Crear | Konnik ×5 |
| 2:27 | Crear | Konnik ×5 |
| 2:28 | Crear | Konnik |
| 3:41 | Crear | Konnik ×5 |
| 3:42 | Crear | Konnik ×5 |
| 3:42 | Crear | Konnik ×5 |
| 5:57 | Crear | Konnik ×5 |
| 5:58 | Crear | Konnik ×5 |
| 5:58 | Crear | Konnik ×5 |
| 5:59 | Crear | Konnik ×5 |
| 5:59 | Crear | Konnik ×5 |
| 5:59 | Crear | Konnik ×5 |
| 6:00 | Crear | Konnik ×5 |
| 9:07 | Crear | Konnik ×5 |
| 9:07 | Crear | Konnik ×5 |
| 9:08 | Crear | Konnik ×5 |
| 9:08 | Crear | Konnik ×5 |
| 9:08 | Crear | Konnik ×5 |
| 9:09 | Crear | Konnik ×5 |
| 9:09 | Crear | Konnik ×5 |
| 9:09 | Crear | Konnik ×5 |
| 9:09 | Crear | Konnik ×5 |
| 9:25 | Crear | Konnik ×5 |
| 9:25 | Crear | Konnik ×5 |
| 12:37 | Crear | Konnik ×5 |
| 12:37 | Crear | Konnik ×5 |
| 12:37 | Crear | Konnik ×5 |
| 12:37 | Crear | Konnik ×5 |
| 13:20 | Crear | Konnik ×5 |
| 13:21 | Crear | Konnik ×5 |
| 13:21 | Crear | Konnik ×5 |
| 13:21 | Crear | Konnik ×5 |
| 13:21 | Crear | Konnik ×5 |
| 13:22 | Crear | Konnik ×5 |
| 13:22 | Crear | Konnik ×5 |
| 13:22 | Crear | Konnik |
| 19:06 | Investigar | Bracer |
| 19:07 | Investigar | Parthian Tactics |
| 19:08 | Investigar | Chemistry |
| 19:11 | Investigar | Blast Furnace |
| 19:11 | Investigar | Plate Mail Armor |
| 19:12 | Investigar | Plate Barding Armor |
| 19:16 | Investigar | Bagains |
| 19:17 | Investigar | Conscription |
Build order — pandatu7579
Primeras 150 de 813 acciones detectadas
| 0:25 | Investigar | Ballistics |
| 0:26 | Investigar | Chain Barding Armor |
| 0:27 | Investigar | Chain Mail Armor |
| 0:27 | Investigar | Leather Archer Armor |
| 0:28 | Investigar | Bodkin Arrow |
| 0:28 | Investigar | Thumb Ring |
| 0:29 | Investigar | Iron Casting |
| 0:51 | Crear | Shotel Warrior |
| 0:51 | Crear | Shotel Warrior |
| 0:52 | Crear | Shotel Warrior |
| 0:52 | Crear | Shotel Warrior |
| 0:52 | Crear | Shotel Warrior |
| 0:53 | Crear | Shotel Warrior |
| 0:53 | Crear | Shotel Warrior |
| 0:53 | Crear | Shotel Warrior |
| 0:59 | Crear | Shotel Warrior |
| 0:59 | Crear | Shotel Warrior |
| 0:59 | Crear | Shotel Warrior |
| 1:00 | Crear | Shotel Warrior |
| 1:00 | Crear | Shotel Warrior |
| 1:00 | Crear | Shotel Warrior |
| 1:01 | Crear | Shotel Warrior |
| 1:01 | Crear | Shotel Warrior |
| 1:01 | Crear | Shotel Warrior |
| 1:02 | Crear | Shotel Warrior |
| 2:03 | Crear | Shotel Warrior |
| 2:03 | Crear | Shotel Warrior |
| 2:04 | Crear | Shotel Warrior |
| 2:04 | Crear | Shotel Warrior |
| 2:04 | Crear | Shotel Warrior |
| 2:05 | Crear | Shotel Warrior |
| 2:05 | Crear | Shotel Warrior |
| 2:05 | Crear | Shotel Warrior |
| 2:05 | Crear | Shotel Warrior |
| 2:06 | Crear | Shotel Warrior |
| 2:06 | Crear | Shotel Warrior |
| 2:06 | Crear | Shotel Warrior |
| 2:07 | Crear | Shotel Warrior |
| 2:07 | Crear | Shotel Warrior |
| 2:07 | Crear | Shotel Warrior |
| 2:07 | Crear | Shotel Warrior |
| 2:08 | Crear | Shotel Warrior |
| 2:08 | Crear | Shotel Warrior |
| 2:08 | Crear | Shotel Warrior |
| 2:09 | Crear | Shotel Warrior |
| 2:09 | Crear | Shotel Warrior |
| 2:09 | Crear | Shotel Warrior |
| 2:10 | Crear | Shotel Warrior |
| 2:10 | Crear | Shotel Warrior |
| 2:10 | Crear | Shotel Warrior |
| 2:11 | Crear | Shotel Warrior |
| 2:11 | Crear | Shotel Warrior |
| 2:11 | Crear | Shotel Warrior |
| 2:12 | Crear | Shotel Warrior |
| 2:12 | Crear | Shotel Warrior |
| 2:12 | Crear | Shotel Warrior |
| 2:13 | Crear | Shotel Warrior |
| 3:04 | Crear | Shotel Warrior |
| 3:04 | Crear | Shotel Warrior |
| 3:04 | Crear | Shotel Warrior |
| 3:05 | Crear | Shotel Warrior |
| 3:05 | Crear | Shotel Warrior |
| 3:05 | Crear | Shotel Warrior |
| 3:05 | Crear | Shotel Warrior |
| 3:06 | Crear | Shotel Warrior |
| 3:06 | Crear | Shotel Warrior |
| 3:06 | Crear | Shotel Warrior |
| 3:07 | Crear | Shotel Warrior |
| 3:07 | Crear | Shotel Warrior |
| 3:07 | Crear | Shotel Warrior |
| 3:08 | Crear | Shotel Warrior |
| 3:08 | Crear | Shotel Warrior |
| 3:08 | Crear | Shotel Warrior |
| 3:09 | Crear | Shotel Warrior |
| 3:09 | Crear | Shotel Warrior |
| 3:09 | Crear | Shotel Warrior |
| 3:10 | Crear | Shotel Warrior |
| 3:10 | Crear | Shotel Warrior |
| 3:10 | Crear | Shotel Warrior |
| 4:21 | Crear | Shotel Warrior |
| 4:21 | Crear | Shotel Warrior |
| 4:22 | Crear | Shotel Warrior |
| 4:22 | Crear | Shotel Warrior |
| 4:22 | Crear | Shotel Warrior |
| 4:23 | Crear | Shotel Warrior |
| 4:23 | Crear | Shotel Warrior |
| 4:23 | Crear | Shotel Warrior |
| 4:24 | Crear | Shotel Warrior |
| 4:24 | Crear | Shotel Warrior |
| 4:24 | Crear | Shotel Warrior |
| 4:25 | Crear | Shotel Warrior |
| 4:25 | Crear | Shotel Warrior |
| 4:25 | Crear | Shotel Warrior |
| 4:26 | Crear | Shotel Warrior |
| 4:26 | Crear | Shotel Warrior |
| 4:26 | Crear | Shotel Warrior |
| 4:27 | Crear | Shotel Warrior |
| 4:27 | Crear | Shotel Warrior |
| 4:27 | Crear | Shotel Warrior |
| 4:27 | Crear | Shotel Warrior |
| 4:28 | Crear | Shotel Warrior |
| 4:28 | Crear | Shotel Warrior |
| 4:28 | Crear | Shotel Warrior |
| 4:29 | Crear | Shotel Warrior |
| 4:38 | Crear | Shotel Warrior |
| 4:39 | Crear | Shotel Warrior |
| 4:39 | Crear | Shotel Warrior |
| 4:39 | Crear | Shotel Warrior |
| 4:42 | Crear | Shotel Warrior |
| 4:42 | Crear | Shotel Warrior |
| 4:42 | Crear | Shotel Warrior |
| 4:43 | Crear | Shotel Warrior |
| 4:43 | Crear | Shotel Warrior |
| 4:43 | Crear | Shotel Warrior |
| 4:44 | Crear | Shotel Warrior |
| 4:44 | Crear | Shotel Warrior |
| 6:12 | Investigar | Plate Mail Armor |
| 6:13 | Investigar | Blast Furnace |
| 6:13 | Investigar | Bracer |
| 6:13 | Investigar | Ring Archer Armor |
| 6:18 | Investigar | Elite Shotel Warrior (upgrade) |
| 6:20 | Investigar | Royal Heirs |
| 6:21 | Investigar | Torsion Engines |
| 6:22 | Investigar | Conscription |
| 6:24 | Crear | Shotel Warrior |
| 6:24 | Crear | Shotel Warrior |
| 6:25 | Crear | Shotel Warrior |
| 6:25 | Crear | Shotel Warrior |
| 6:25 | Crear | Shotel Warrior |
| 6:26 | Crear | Shotel Warrior |
| 6:26 | Crear | Shotel Warrior |
| 7:51 | Crear | Shotel Warrior |
| 7:52 | Crear | Shotel Warrior |
| 7:52 | Crear | Shotel Warrior |
| 7:52 | Crear | Shotel Warrior |
| 7:53 | Crear | Shotel Warrior |
| 7:53 | Crear | Shotel Warrior |
| 7:53 | Crear | Shotel Warrior |
| 7:53 | Crear | Shotel Warrior |
| 7:54 | Crear | Shotel Warrior |
| 7:54 | Crear | Shotel Warrior |
| 7:54 | Crear | Shotel Warrior |
| 7:55 | Crear | Shotel Warrior |
| 7:55 | Crear | Shotel Warrior |
| 7:55 | Crear | Shotel Warrior |
| 7:55 | Crear | Shotel Warrior |
| 7:56 | Crear | Shotel Warrior |
| 7:56 | Crear | Shotel Warrior |
| 7:57 | Crear | Shotel Warrior |
| 7:57 | Crear | Shotel Warrior |
Build order — 魯夫的海運船快樂出航
Primeras 150 de 187 acciones detectadas
| 0:24 | Investigar | Ironclad |
| 0:28 | Crear | Teutonic Knight ×5 |
| 0:29 | Crear | Teutonic Knight ×5 |
| 0:29 | Crear | Teutonic Knight ×5 |
| 0:29 | Crear | Teutonic Knight ×5 |
| 0:30 | Crear | Teutonic Knight ×5 |
| 0:30 | Crear | Teutonic Knight ×5 |
| 0:30 | Crear | Teutonic Knight ×5 |
| 0:30 | Crear | Teutonic Knight ×5 |
| 0:31 | Crear | Teutonic Knight ×5 |
| 0:31 | Crear | Teutonic Knight ×5 |
| 0:32 | Crear | Teutonic Knight ×5 |
| 0:32 | Crear | Teutonic Knight ×5 |
| 0:32 | Crear | Teutonic Knight ×5 |
| 0:32 | Crear | Teutonic Knight ×5 |
| 0:33 | Crear | Teutonic Knight ×4 |
| 0:38 | Investigar | Ballistics |
| 0:39 | Investigar | Ballistics |
| 0:39 | Investigar | Chain Barding Armor |
| 0:40 | Investigar | Chain Barding Armor |
| 0:40 | Investigar | Chain Mail Armor |
| 0:41 | Investigar | Iron Casting |
| 0:42 | Investigar | Bodkin Arrow |
| 0:43 | Investigar | Leather Archer Armor |
| 0:43 | Investigar | Leather Archer Armor |
| 0:43 | Investigar | Leather Archer Armor |
| 2:25 | Crear | Teutonic Knight ×5 |
| 2:25 | Crear | Teutonic Knight ×5 |
| 2:26 | Crear | Teutonic Knight ×5 |
| 2:26 | Crear | Teutonic Knight ×5 |
| 2:26 | Crear | Teutonic Knight ×5 |
| 2:27 | Crear | Teutonic Knight ×5 |
| 2:27 | Crear | Teutonic Knight ×5 |
| 2:27 | Crear | Teutonic Knight ×5 |
| 2:27 | Crear | Teutonic Knight ×5 |
| 2:28 | Crear | Teutonic Knight ×5 |
| 2:28 | Crear | Teutonic Knight |
| 2:29 | Crear | Teutonic Knight ×3 |
| 5:08 | Crear | Teutonic Knight ×5 |
| 5:08 | Crear | Teutonic Knight ×5 |
| 5:09 | Crear | Teutonic Knight ×5 |
| 5:09 | Crear | Teutonic Knight ×5 |
| 5:09 | Crear | Teutonic Knight ×5 |
| 5:09 | Crear | Teutonic Knight ×5 |
| 5:10 | Crear | Teutonic Knight ×5 |
| 5:10 | Crear | Teutonic Knight ×5 |
| 5:11 | Crear | Teutonic Knight ×5 |
| 5:11 | Crear | Teutonic Knight ×5 |
| 5:12 | Crear | Teutonic Knight ×5 |
| 5:12 | Crear | Teutonic Knight ×5 |
| 5:13 | Crear | Teutonic Knight ×5 |
| 6:52 | Crear | Teutonic Knight ×5 |
| 6:52 | Crear | Teutonic Knight ×5 |
| 6:53 | Crear | Teutonic Knight ×5 |
| 6:53 | Crear | Teutonic Knight ×5 |
| 6:54 | Crear | Teutonic Knight ×5 |
| 6:54 | Crear | Teutonic Knight ×5 |
| 6:55 | Crear | Teutonic Knight ×5 |
| 6:55 | Crear | Teutonic Knight ×5 |
| 6:55 | Crear | Teutonic Knight ×5 |
| 8:53 | Crear | Teutonic Knight ×5 |
| 8:53 | Crear | Teutonic Knight ×5 |
| 8:53 | Crear | Teutonic Knight ×5 |
| 8:54 | Crear | Teutonic Knight ×5 |
| 8:54 | Crear | Teutonic Knight ×5 |
| 8:55 | Crear | Teutonic Knight ×5 |
| 12:09 | Crear | Teutonic Knight ×5 |
| 12:09 | Crear | Teutonic Knight ×5 |
| 12:10 | Crear | Teutonic Knight ×5 |
| 12:10 | Crear | Teutonic Knight ×5 |
| 12:10 | Crear | Teutonic Knight ×5 |
| 12:10 | Crear | Teutonic Knight ×5 |
| 12:11 | Crear | Teutonic Knight ×5 |
| 12:11 | Crear | Teutonic Knight ×5 |
| 12:11 | Crear | Teutonic Knight ×5 |
| 12:12 | Crear | Teutonic Knight ×5 |
| 12:12 | Crear | Teutonic Knight ×5 |
| 12:12 | Crear | Teutonic Knight ×5 |
| 12:12 | Crear | Teutonic Knight ×5 |
| 12:13 | Crear | Teutonic Knight ×5 |
| 12:13 | Crear | Teutonic Knight ×5 |
| 14:38 | Investigar | Chemistry |
| 14:39 | Investigar | Plate Barding Armor |
| 14:40 | Investigar | Ring Archer Armor |
| 14:41 | Investigar | Ring Archer Armor |
| 14:41 | Investigar | Plate Mail Armor |
| 14:42 | Investigar | Blast Furnace |
| 14:42 | Investigar | Blast Furnace |
| 14:42 | Investigar | Blast Furnace |
| 14:47 | Investigar | Elite Teutonic Knight (upgrade) |
| 14:48 | Investigar | Crenellations |
| 14:48 | Investigar | Conscription |
| 14:49 | Investigar | Conscription |
| 16:13 | Crear | Teutonic Knight ×5 |
| 16:13 | Crear | Teutonic Knight ×5 |
| 16:14 | Crear | Teutonic Knight ×5 |
| 16:14 | Crear | Teutonic Knight ×5 |
| 16:14 | Crear | Teutonic Knight ×5 |
| 16:24 | Crear | Teutonic Knight ×5 |
| 16:24 | Crear | Teutonic Knight ×5 |
| 16:24 | Crear | Teutonic Knight ×5 |
| 16:25 | Crear | Teutonic Knight ×5 |
| 16:25 | Crear | Teutonic Knight ×5 |
| 16:25 | Crear | Teutonic Knight ×5 |
| 16:26 | Crear | Teutonic Knight ×5 |
| 17:08 | Crear | Teutonic Knight ×5 |
| 17:08 | Crear | Teutonic Knight ×5 |
| 17:08 | Crear | Teutonic Knight ×5 |
| 17:09 | Crear | Teutonic Knight ×5 |
| 17:09 | Crear | Teutonic Knight ×5 |
| 17:09 | Crear | Teutonic Knight ×5 |
| 17:10 | Crear | Teutonic Knight ×4 |
| 17:10 | Crear | Teutonic Knight ×2 |
| 17:11 | Crear | Teutonic Knight |
| 18:15 | Crear | Teutonic Knight ×5 |
| 18:15 | Crear | Teutonic Knight ×5 |
| 18:15 | Crear | Teutonic Knight ×3 |
| 18:16 | Crear | Teutonic Knight ×4 |
| 18:51 | Crear | Teutonic Knight ×5 |
| 18:52 | Crear | Teutonic Knight ×5 |
| 18:52 | Crear | Teutonic Knight ×5 |
| 18:53 | Crear | Teutonic Knight ×5 |
| 18:53 | Crear | Teutonic Knight ×5 |
| 18:53 | Crear | Teutonic Knight ×5 |
| 18:54 | Crear | Teutonic Knight ×5 |
| 18:54 | Crear | Teutonic Knight ×5 |
| 18:54 | Crear | Teutonic Knight ×5 |
| 18:55 | Crear | Teutonic Knight ×5 |
| 18:55 | Crear | Teutonic Knight ×2 |
| 18:59 | Crear | Teutonic Knight |
| 18:59 | Crear | Teutonic Knight ×3 |
| 20:16 | Crear | Teutonic Knight ×5 |
| 20:17 | Crear | Teutonic Knight ×5 |
| 20:17 | Crear | Teutonic Knight ×5 |
| 20:17 | Crear | Teutonic Knight ×5 |
| 20:18 | Crear | Teutonic Knight ×5 |
| 20:18 | Crear | Teutonic Knight ×5 |
| 20:18 | Crear | Teutonic Knight ×5 |
| 20:19 | Crear | Teutonic Knight ×5 |
| 20:19 | Crear | Teutonic Knight ×5 |
| 20:19 | Crear | Teutonic Knight ×5 |
| 20:20 | Crear | Teutonic Knight ×5 |
| 20:20 | Crear | Teutonic Knight ×5 |
| 20:25 | Crear | Teutonic Knight |
| 20:26 | Crear | Teutonic Knight |
| 20:26 | Crear | Teutonic Knight ×3 |
| 20:26 | Crear | Teutonic Knight ×2 |
| 20:27 | Crear | Teutonic Knight ×3 |
| 20:32 | Crear | Teutonic Knight |
| 20:33 | Crear | Teutonic Knight |
Build order — LeAsH__
Primeras 150 de 403 acciones detectadas
| 0:05 | Investigar | Bodkin Arrow |
| 0:06 | Investigar | Leather Archer Armor |
| 0:09 | Investigar | Thumb Ring |
| 0:09 | Investigar | Ballistics |
| 0:10 | Investigar | Chain Barding Armor |
| 0:11 | Investigar | Chain Mail Armor |
| 0:11 | Investigar | Chain Mail Armor |
| 0:12 | Investigar | Tech 1061 |
| 0:13 | Crear | Unit 1949 ×5 |
| 0:13 | Crear | Unit 1949 ×5 |
| 0:13 | Crear | Unit 1949 ×5 |
| 0:13 | Crear | Unit 1949 ×5 |
| 0:14 | Crear | Unit 1949 ×5 |
| 0:14 | Crear | Unit 1949 ×5 |
| 0:14 | Crear | Unit 1949 ×5 |
| 0:36 | Crear | Unit 1949 |
| 0:36 | Crear | Unit 1949 |
| 0:36 | Crear | Unit 1949 |
| 0:36 | Crear | Unit 1949 |
| 0:36 | Crear | Unit 1949 ×5 |
| 0:36 | Crear | Unit 1949 ×5 |
| 0:36 | Crear | Unit 1949 |
| 0:36 | Crear | Unit 1949 |
| 0:36 | Crear | Unit 1949 |
| 0:37 | Crear | Unit 1949 |
| 0:37 | Crear | Unit 1949 |
| 0:37 | Crear | Unit 1949 |
| 0:38 | Crear | Unit 1949 ×5 |
| 0:38 | Crear | Unit 1949 ×5 |
| 0:38 | Crear | Unit 1949 ×5 |
| 0:38 | Crear | Unit 1949 ×5 |
| 1:08 | Crear | Unit 1949 |
| 1:08 | Crear | Unit 1949 |
| 1:08 | Crear | Unit 1949 ×5 |
| 1:08 | Crear | Unit 1949 ×5 |
| 1:08 | Crear | Unit 1949 ×5 |
| 1:08 | Crear | Unit 1949 ×5 |
| 1:09 | Crear | Unit 1949 ×5 |
| 1:18 | Crear | Unit 1949 |
| 1:18 | Crear | Unit 1949 |
| 1:39 | Crear | Unit 1949 |
| 1:39 | Crear | Unit 1949 |
| 1:39 | Crear | Unit 1949 ×4 |
| 1:39 | Crear | Unit 1949 ×4 |
| 1:39 | Crear | Unit 1949 ×4 |
| 1:40 | Crear | Unit 1949 ×4 |
| 1:40 | Crear | Unit 1949 ×4 |
| 2:01 | Crear | Unit 1949 |
| 2:01 | Crear | Unit 1949 |
| 2:01 | Crear | Unit 1949 |
| 2:01 | Crear | Unit 1949 |
| 2:01 | Crear | Unit 1949 ×3 |
| 2:01 | Crear | Unit 1949 ×3 |
| 2:01 | Crear | Unit 1949 ×3 |
| 2:01 | Crear | Unit 1949 |
| 2:22 | Crear | Unit 1949 |
| 2:22 | Crear | Unit 1949 |
| 2:22 | Crear | Unit 1949 |
| 2:22 | Crear | Unit 1949 |
| 2:22 | Crear | Unit 1949 ×2 |
| 2:22 | Crear | Unit 1949 |
| 2:26 | Crear | Unit 1949 |
| 2:26 | Crear | Unit 1949 |
| 2:26 | Crear | Unit 1949 |
| 2:30 | Crear | Unit 1949 |
| 2:30 | Crear | Unit 1949 |
| 2:30 | Crear | Unit 1949 |
| 2:30 | Crear | Unit 1949 |
| 3:00 | Crear | Unit 1949 |
| 3:00 | Crear | Unit 1949 |
| 3:00 | Crear | Unit 1949 |
| 3:00 | Crear | Unit 1949 |
| 3:07 | Crear | Unit 1949 |
| 3:07 | Crear | Unit 1949 |
| 3:07 | Crear | Unit 1949 |
| 3:07 | Crear | Unit 1949 |
| 3:07 | Crear | Unit 1949 ×4 |
| 3:13 | Crear | Unit 1949 |
| 3:13 | Crear | Unit 1949 |
| 3:13 | Crear | Unit 1949 |
| 3:13 | Crear | Unit 1949 |
| 3:13 | Crear | Unit 1949 ×2 |
| 3:13 | Crear | Unit 1949 ×2 |
| 3:13 | Crear | Unit 1949 ×2 |
| 3:13 | Crear | Unit 1949 ×2 |
| 3:14 | Crear | Unit 1949 |
| 3:14 | Crear | Unit 1949 |
| 3:23 | Crear | Unit 1949 |
| 3:23 | Crear | Unit 1949 |
| 3:30 | Crear | Unit 1949 |
| 3:30 | Crear | Unit 1949 |
| 3:31 | Crear | Unit 1949 ×3 |
| 3:31 | Crear | Unit 1949 |
| 3:31 | Crear | Unit 1949 |
| 3:31 | Crear | Unit 1949 |
| 3:31 | Crear | Unit 1949 |
| 3:38 | Crear | Unit 1949 |
| 3:38 | Crear | Unit 1949 |
| 3:38 | Crear | Unit 1949 |
| 3:55 | Crear | Unit 1949 |
| 3:55 | Crear | Unit 1949 |
| 3:56 | Crear | Unit 1949 |
| 3:56 | Crear | Unit 1949 |
| 3:56 | Crear | Unit 1949 |
| 4:05 | Crear | Unit 1949 |
| 4:05 | Crear | Unit 1949 |
| 4:05 | Crear | Unit 1949 |
| 4:12 | Crear | Unit 1949 |
| 4:12 | Crear | Unit 1949 |
| 4:12 | Crear | Unit 1949 |
| 4:16 | Crear | Unit 1949 |
| 4:16 | Crear | Unit 1949 |
| 4:16 | Crear | Unit 1949 |
| 4:38 | Crear | Unit 1949 ×4 |
| 4:38 | Crear | Unit 1949 ×4 |
| 4:38 | Crear | Unit 1949 ×4 |
| 4:38 | Crear | Unit 1949 ×4 |
| 4:41 | Crear | Unit 1949 |
| 4:41 | Crear | Unit 1949 |
| 4:41 | Crear | Unit 1949 |
| 4:41 | Crear | Unit 1949 |
| 4:41 | Crear | Unit 1949 |
| 4:56 | Crear | Unit 1949 |
| 4:56 | Crear | Unit 1949 |
| 4:56 | Crear | Unit 1949 |
| 4:56 | Crear | Unit 1949 ×2 |
| 4:56 | Crear | Unit 1949 ×2 |
| 4:56 | Crear | Unit 1949 ×2 |
| 4:56 | Crear | Unit 1949 ×2 |
| 4:57 | Crear | Unit 1949 ×2 |
| 4:57 | Crear | Unit 1949 ×2 |
| 5:03 | Crear | Unit 1949 |
| 5:03 | Crear | Unit 1949 |
| 5:03 | Crear | Unit 1949 |
| 5:04 | Crear | Unit 1949 |
| 5:04 | Crear | Unit 1949 |
| 5:04 | Crear | Unit 1949 |
| 5:04 | Crear | Unit 1949 |
| 5:16 | Crear | Unit 1949 |
| 5:16 | Crear | Unit 1949 |
| 5:16 | Crear | Unit 1949 ×2 |
| 5:16 | Crear | Unit 1949 ×2 |
| 5:16 | Crear | Unit 1949 ×2 |
| 5:25 | Crear | Unit 1949 |
| 5:25 | Crear | Unit 1949 |
| 5:25 | Crear | Unit 1949 |
| 5:31 | Crear | Unit 1949 |
| 5:31 | Crear | Unit 1949 |
| 5:31 | Crear | Unit 1949 |
| 5:31 | Crear | Unit 1949 |
Cronología de la partida
| 22:01 | Dr. NightBlue · first_building Castle |
| 22:09 | Dr. NightBlue · first_building Siege Workshop |
| 23:52 | LeAsH__ · first_building Castle |
| 24:08 | AfflictedGod · resign |
[ ANÁLISIS IA · 1 CRÉDITO ]
¿Qué pasó realmente en esta partida?
Wolo.gg analiza cada decisión: build order, eco, micro, errores típicos por bracket. Análisis personalizado por WhatsApp o Discord en 30 segundos.
Guía civ
Jemeres
Perfil
Jugador #12441173